 Dungeon Crawl Stone Soup version 0.30.0 (webtiles) character file.

Game seed: 1103117899149261344

377106 timmday the Executioner (level 21, -23/214 HPs)
             Began as a Minotaur Berserker on Nov 30, 2023.
             Was a High Priest of Trog.
             Killed from afar by a quicksilver dragon (24 damage)
             ... with a bolt of dispelling energy
             ... on level 5 of the Vaults on Dec 1, 2023.
             The game lasted 02:38:25 (46047 turns).

timmday the Executioner (Minotaur Berserker)       Turns: 46047, Time: 02:38:26

Health: -23/214    AC: 47    Str: 35    XL:     21   Next: 47%
Magic:  20/20      EV: 24    Int:  2    God:    Trog [*****.]
Gold:   4624       SH: 24    Dex: 15    Spells: 20/20 levels left

rFire   . . .        Y - +7 broad axe (flame)
rCold   + . .        Q - +2 tower shield
rNeg    + . .        T - +10 crystal plate armour {rC+}
rPois   +            V - +2 hat
rElec   +            A - +1 cloak {Stlth+}
rCorr   +            n - +0 pair of gloves
SInv    .            W - +1 pair of boots "Zuodov" {rPois Dex+4}
Will    +++..        o - amulet of the acrobat Stlth
                     m - +6 ring of strength
HPRegen 1.55/turn    U - ring "Xaonin" {Fly rElec rN+ rCorr Str-3}
MPRegen 0.17/turn

%: random rage (3%), acrobat
@: strong-willed, acrobatic, flying, regenerating
A: horns 2, retaliatory headbutt, berserk 1, dopey 1
}: 3/15 runes: barnacled, slimy, gossamer
a: Renounce Religion, Berserk, Trog's Hand, Brothers in Arms


You were on level 5 of the Vaults.
You worshipped Trog.
Trog was extremely pleased with you.
You visited 7 branches of the dungeon, and saw 38 of its levels.
You visited the Abyss 1 time.
You also visited: Sewer, Bailey, Ice Cave and Volcano.

You collected 5057 gold pieces.
You spent 433 gold pieces at shops.

Inventory:

Hand Weapons
 B - a +2 executioner's axe of flaming
 L - the +9 lance "Wyrmbane" {slay drac, rPois rF+ rC+ AC+3}
   (You found it on level 5 of the Pits of Slime)

   AC:        It affects your AC (+3).
   rF:        It protects you from fire.
   rC:        It protects you from cold.
   rPois:     It protects you from poison.
 Y - a +7 broad axe of flaming (weapon)
Missiles
 e - 19 boomerangs (quivered)
 k - 7 silver javelins
 t - 34 javelins
 w - 3 throwing nets
 D - 6 boomerangs of dispersal
Armour
 n - a +0 pair of gloves (worn)
 A - a +1 cloak of stealth (worn)
 Q - a +2 tower shield (worn)
 T - a +10 crystal plate armour of cold resistance (worn)
 V - a +2 hat (worn)
 W - the +1 pair of boots "Zuodov" (worn) {rPois Dex+4}
   (You found it on level 4 of the Spider Nest)

   Dex:       It affects your dexterity (+4).
   rPois:     It protects you from poison.
Jewellery
 m - a +6 ring of strength (left hand)
 o - an amulet of the acrobat (around neck)
 s - the ring of Muah Uto {+Blink rElec rCorr Str+6 Dex-4}
   (You took it off an orc warrior on level 2 of the Orcish Mines)

   [ring of strength]

   Str:       It affects your strength (+6).
   Dex:       It affects your dexterity (-4).
   rElec:     It insulates you from electricity.
   +Blink:    It lets you blink.
   rCorr:     It protects you from acid and corrosion.
 U - the ring "Xaonin" (right hand) {Fly rElec rN+ rCorr Str-3}
   (You found it on level 5 of the Lair of Beasts)

   [ring of positive energy]

   Str:       It affects your strength (-3).
   rElec:     It insulates you from electricity.
   rN:        It protects you from negative energy.
   Fly:       It grants you flight.
   rCorr:     It protects you from acid and corrosion.
Wands
 a - a wand of acid (3)
 g - a wand of mindburst (54)
 r - a wand of paralysis (14)
 y - a wand of flame (95)
 I - a wand of iceblast (42)
 M - a wand of polymorph (24)
Scrolls
 b - 16 scrolls of teleportation
 l - a scroll of blinking
 p - 8 scrolls of fog
 v - 4 scrolls of brand weapon
 z - 6 scrolls of poison
 C - 5 scrolls of vulnerability
 E - 3 scrolls of magic mapping
 H - 6 scrolls of fear
 J - a scroll of enchant armour
 K - 5 scrolls of torment
 P - 7 scrolls of summoning
 S - 5 scrolls of immolation
Potions
 d - 5 potions of attraction
 f - 8 potions of haste
 h - 2 potions of resistance
 i - 19 potions of curing
 j - 9 potions of flight
 q - 3 potions of cancellation
 u - 8 potions of mutation
 x - 6 potions of lignification
 G - a potion of berserk rage
 N - 2 potions of might
 O - 6 potions of ambrosia
 R - 6 potions of heal wounds
 Z - 2 potions of invisibility
Miscellaneous
 c - a phantom mirror
 F - a tin of tremorstones (2/2)
 X - a lightning rod (4/4)


   Skills:
 + Level 24.0 Fighting
 - Level 26.2(26.6) Axes
 * Level 8.3(19.1) Polearms
 + Level 7.3 Throwing
 + Level 20.9 Armour
 + Level 4.4 Dodging
 * Level 21.6 Shields


You had 20 spell levels left.
You didn't know any spells.
Your spell library contained the following spells:

 Spells                   Type           Power      Damage    Failure   Level
 Sting                    Tmut/Pois      0%         1d3       99%         1
 Ensorcelled Hibernation  Hex/Ice        0%         N/A       100%        2
 Sublimation of Blood     Necr           0%         N/A       100%        2
 Wereblood                Tmut           0%         N/A       100%        2
 Ozocubu's Armour         Ice            0%         N/A       100%        3
 Spider Form              Tmut/Pois      0%         N/A       100%        3
 Anguish                  Hex/Necr       0%         N/A       100%        4
 Animate Armour           Summ/Erth      0%         N/A       100%        4
 Animate Dead             Necr           0%         N/A       100%        4
 Blade Hands              Tmut           0%         N/A       100%        5
 Borgnjor's Vile Clutch   Necr/Erth      0%         N/A       100%        5
 Death Channel            Necr           0%         N/A       100%        6
 Iron Shot                Conj/Erth      0%         9d1       100%        6
 Simulacrum               Ice/Necr       0%         N/A       100%        6
 Ozocubu's Refrigeration  Ice            0%         4d7       100%        7
 Summon Hydra             Summ           0%         N/A       100%        7
 Polar Vortex             Ice            0%         N/A       100%        9


Dungeon Overview and Level Annotations

Branches:
Dungeon (13/15)            Temple (0/1) D:7            Lair (5/5) D:11
 Shoals (4/4) Lair:2       Spider (4/4) Lair:2        Slime (5/5) Lair:4
    Orc (2/2) D:12            Elf (0/3) Orc:2        Vaults (5/5) D:13
  Crypt (0/3) Vaults:2      Sewer (visited)          Bailey (visited)
  IceCv (visited)         Volcano (visited)

Altars:
Gozag
Makhleb
Okawaru
Qazlal
Sif Muna
Trog
Wu Jian
Yredelemnul
Zin
Jiyva
Lugonu

Shops:
D:1 :=!   D:2 [!**   D:11 !   Orc:2 [(:*   Vaults:2 [

Portals:
Abyss: Lair:5

Annotations:
Shoals:2 Ilsuiw


Innate Abilities, Weirdness & Mutations

You have a pair of horns on your head.
You reflexively headbutt those who attack you in melee.
You sometimes lose your temper in combat.
You are dopey. (Int -2)


Message History

* * * LOW HITPOINT WARNING * * *
A titan comes into view.
Your two-headed ogre goes berserk!
The quicksilver dragon breathes dispelling energy at you.
The bolt of dispelling energy misses you.
The bolt of dispelling energy hits your two-headed ogre!
The sphinx casts a spell.
Something smites you!
* * * LOW HITPOINT WARNING * * *
The quicksilver dragon bites you but does no damage.
The quicksilver dragon claws you but does no damage.
The quicksilver dragon attacks as you move away!
You block the quicksilver dragon's attack. x2
Your two-headed ogre barely misses the quicksilver dragon.
Your two-headed ogre closely misses the quicksilver dragon.
A tengu reaver comes into view.
It is wielding a +1 long sword and wearing a +1 ring mail of willpower.
You block the quicksilver dragon's attack.
The quicksilver dragon closely misses you.
The quicksilver dragon bites your two-headed ogre.
The quicksilver dragon claws your two-headed ogre!
The quicksilver dragon bites your two-headed ogre!!
The quicksilver dragon claws your two-headed ogre but does no damage.
Your two-headed ogre barely misses the quicksilver dragon. x2
The quicksilver dragon breathes dispelling energy at you.
The bolt of dispelling energy hits your two-headed ogre!!
The bolt of dispelling energy hits you!!!
Your magical effects are unravelling.
* * * LOW HITPOINT WARNING * * *
The sentinel's mark upon you fades away.
The quicksilver dragon bites your two-headed ogre!
The quicksilver dragon claws your two-headed ogre!
Your two-headed ogre dies!
Your two-headed ogre's corpse disappears in a puff of smoke!
A goliath frog comes into view.
The sphinx casts a spell.
Something smites you!
* * * LOW HITPOINT WARNING * * *
The quicksilver dragon breathes dispelling energy at you.
The bolt of dispelling energy hits you!!
You die...

#..# #..#
#..# #..#
#..# #..#
#..# #.@#
#..#...p
#.D#.p.
#D.#.H#
#HD#..#
#pp#..#
#pC#..######
#CCF........
#..X........


You could see a titan, a storm dragon, a frost giant, a fire giant, 2
quicksilver dragons, a sphinx, 3 vault wardens and a goliath frog.

Vanquished Creatures
  the Royal Jelly (Slime:5)
  Arachne (Spider:2)
  Jorgrun (Orc:1)
  2 titans
  Polyphemus (Shoals:2)
  2 krakens (Shoals:1)
  19 acid blobs
  Gastronok (D:8)
  A sphinx (Vaults:4)
  Kirke (Shoals:2)
  2 tengu reavers
  A shadow dragon (Vaults:4)
  A storm dragon (Vaults:5)
  8 azure jellies
  13 rockslimes
  A fire giant (Vaults:5)
  3 emperor scorpions
  3 frost giants
  A deep elf sorcerer (Shoals:2)
  16 vault wardens
  6 ghost moths (Spider:4)
  4 ironbound thunderhulks
  A curse skull (Vaults:2)
  4 stone giants
  5 orc warlords
  13 ironbound preservers
  11 quicksilver oozes
  2 war gargoyles
  A vampire knight (Vaults:2)
  2 broodmothers (Spider:4)
  The ghost of Endbringerleviathan the Thaumaturge, a journeyman NaFE of Gozag (Lair:5)
  2 deep elf demonologists
  A red draconian (Volcano)
  15 dire elephants
  A spark wasp (Spider:4)
  A crystal guardian (Vaults:1)
  Josephine (D:13)
  4 merfolk javelineers
  5 entropy weavers
  2 ettins
  8 merfolk impalers
  Snorg (D:10)
  17 great orbs of eyes
  10 yaktaur captains
  4 hydras
  35 vault guards
  3 merfolk avatars
  2 peacekeepers (Vaults:1)
  4 radroaches (Spider:4)
  5 merfolk aquamancers
  10 ironbound frosthearts
  A catoblepas (Shoals:2)
  6 centaur warriors
  3 boulder beetles
  A jorogumo (Spider:4)
  An anaconda (shapeshifter) (Vaults:5)
  2 alligator snapping turtles (Shoals:3)
  3 satyrs
  3 two-headed ogres
  12 death yaks
  4 thrashing horrors (Lair:5)
  4 orc high priests
  A vampire mage (D:11)
  Sonja (D:11)
  Urug (Orc:2)
  A shadow wraith (Shoals:1)
  2 deep elf knights (Shoals:2)
  A skyshark (Shoals:3)
  6 hell knights
  A fire crab (Lair:5)
  A salamander mystic (Volcano)
  2 sun moths
  7 orb spiders
  30 deep trolls
  2 pharaoh ants
  3 shadow demons (Abyss:2)
  6 lindwurms
  20 sea snakes
  3 steelbarb worms
  2 deep elf pyromancers
  8 wizards
  Pikel (D:8)
  2 deep elf zephyrmancers (Shoals:2)
  25 harpies
  3 necromancers
  6 orc knights
  12 ironbound convokers
  5 orc sorcerers
  13 fauns
  11 ugly things
  A mana viper (shapeshifter) (Vaults:5)
  A moth of wrath (Spider:3)
  6 cyclopes
  6 shining eyes
  4 salamanders (Volcano)
  11 manticores
  16 elephants
  5 merfolk sirens
  25 wolf spiders
  Maurice (D:8)
  An ice statue (IceCv)
  9 water nymphs
  2 gargoyles
  3 black mambas
  2 molten gargoyles (Volcano)
  4 torpor snails
  14 vault sentinels
  2 smoke demons (Lair:5)
  4 demonic crawlers
  An eye of devastation (Slime:3)
  12 cane toads
  40 yaktaurs
  5 kobold demonologists
  4 rime drakes
  2 freezing wraiths (Vaults:2)
  An efreet (D:13)
  2 ancient zymes
  11 komodo dragons
  18 merfolk
  3 large abominations (Lair:5)
  11 trolls
  13 polar bears
  4 wind drakes
  8 dream sheep
  A hornet (D:8)
  22 tarantellas
  15 snapping turtles
  A raiju (Abyss:2)
  A dream sheep (shapeshifter) (Vaults:1)
  32 blink frogs
  81 slime creatures
  22 culicivoras
  A spriggan (Lair:5)
  24 jumping spiders
  5 water elementals
  2 shadows
  2 vampires
  3 ynoxinuls (Lair:5)
  60 yaks
  2 fire bats (Volcano)
  2 wyverns
  Eustachio (D:4)
  5 wraiths (D:13)
  3 hogs (Shoals:2)
  47 redbacks
  7 basilisks
  2 redbacks (shapeshifter)
  A vampire mosquito (D:12)
  4 wargs
  Edmund (D:4)
  10 water moccasins
  A floating eye (Slime:5)
  32 orc warriors
  2 sky beasts (D:8)
  3 ice beasts (D:6)
  5 black bears
  8 ogres
  21 centaurs
  3 boggarts
  11 small abominations (Lair:5)
  31 wolves
  2 lemures (D:8)
  A phantom (D:4)
  5 kobold brigands
  7 scorpions
  Blork the orc (D:4)
  12 bullfrogs
  5 wights (D:9)
  6 killer bees (D:10)
  4 electric eels
  7 howler monkeys
  6 lava snakes (Volcano)
  5 hounds
  17 orc priests
  3 jellies
  2 gnoll boudas (D:5)
  2 sleepcaps
  6 iguanas
  32 orc wizards
  12 hell rats
  13 gnolls
  2 river rats (Sewer)
  6 adders
  A white imp (D:6)
  An ufetubus (D:4)
  4 worms
  67 orcs
  6 bats
  4 endoplasms
  A giant cockroach (D:4)
  13 goblins
  4 hobgoblins
  5 jackals
  2 quokkas
  10 ball pythons
  6 frilled lizards
  21 kobolds
  7 rats
  A plant (Shoals:1)
  2 tentacles (Shoals:1)
1513 creatures vanquished.

Vanquished Creatures (collateral kills)
  Nikola (Spider:1)
  An azure jelly (Slime:5)
  An ironbound preserver (Vaults:2)
  A quicksilver ooze (Slime:5)
  2 ironbound thunderhulks (Vaults:2)
  A dire elephant (Vaults:2)
  The ghost of LeafLetters the Polluter, a journeyman FoVM of Gozag (Orc:2)
  2 merfolk javelineers (Shoals:4)
  A deep elf high priest (Vaults:5)
  2 vault guards (Vaults:5)
  A yaktaur captain (Vaults:2)
  A deep troll (Vaults:2)
  An ironbound convoker (Vaults:2)
  A lindwurm (Vaults:2)
  2 orc knights (Orc:2)
  2 vault sentinels (Vaults:2)
  3 merfolk (Shoals:4)
  A slime creature (Vaults:2)
  5 orc warriors (Orc:2)
  An orc priest (Orc:2)
  An orc (Orc:2)
32 creatures vanquished.

Vanquished Creatures (others)
  A war gargoyle (Vaults:1)
  2 vault guards (Vaults:5)
  A jumping spider (Spider:4)
  3 humans (Shoals:2)
  34 fungi
  114 plants
  15 tentacles (Shoals:1)
170 creatures vanquished.

Grand Total: 1715 creatures vanquished

Notes
Turn   | Place    | Note
-------+----------+-------------------------------------------
     0 | D:1      | timmday the Minotaur Berserker began the quest for the Orb.
     0 | D:1      | Reached XP level 1. HP: 19/19 MP: 0/0
   125 | D:1      | Found Seoxt's Jewellery Shoppe.
   127 | D:1      | Found Pacuic's Book Shoppe.
   261 | D:1      | Found Zetun's Distillery.
   275 | D:1      | Reached skill level 4 in Axes
   275 | D:1      | Reached XP level 2. HP: 24/27 MP: 1/1
   595 | D:2      | Reached XP level 3. HP: 30/33 MP: 2/2
   619 | D:2      | You fall into a shaft and drop 1 floor!
   678 | D:3      | Found a faded altar of an unknown god.
   686 | D:3      | Reached ** piety under Trog
   798 | D:3      | Reached XP level 4. HP: 36/41 MP: 3/3
   823 | D:3      | Identified the +5 whip of Ignis's Condemnation {heavy, rF++
                  | Will++ Int-2}
   852 | D:3      | Found a glowing drain.
   861 | Sewer    | Entered a sewer
   961 | Sewer    | Noticed a kobold brigand
   962 | Sewer    | Noticed a kobold brigand
   999 | Sewer    | Killed a kobold brigand
  1000 | Sewer    | Reached skill level 5 in Axes
  1000 | Sewer    | Reached XP level 5. HP: 46/47 MP: 4/4
  1085 | Sewer    | HP: 2/47 [poisoned by a kobold brigand]
  1295 | Sewer    | Found a white marble altar of Elyvilon.
  1345 | D:3      | Reached skill level 5 in Fighting
  1356 | D:3      | Identified the +5 chain mail of the Lizard {Slay+4}
  1541 | D:2      | Found Giazamp's Assorted Antiques.
  1621 | D:2      | Found Taxee's General Store.
  1630 | D:2      | Bought a scroll of magic mapping for 105 gold pieces
  1755 | D:2      | Found Kuschur's Distillery.
  1813 | D:2      | Found Tuag's Antique Armour Boutique.
  2030 | D:4      | Reached XP level 6. HP: 56/56 MP: 5/5
  2034 | D:4      | Noticed Edmund
  2044 | D:4      | Killed Edmund
  2045 | D:4      | Reached skill level 6 in Axes
  2105 | D:4      | Found a shimmering blue altar of Sif Muna.
  2225 | D:4      | Reached skill level 1 in Throwing
  2298 | D:4      | Reached skill level 7 in Axes
  2298 | D:4      | Reached XP level 7. HP: 59/61 MP: 6/6
  2330 | D:4      | Reached *** piety under Trog
  2364 | D:4      | Reached skill level 5 in Armour
  2382 | D:4      | Noticed Blork the orc
  2387 | D:4      | Killed Blork the orc
  2388 | D:4      | Reached skill level 8 in Axes
  2468 | D:4      | Noticed Eustachio
  2480 | D:4      | Killed Eustachio
  2641 | D:5      | Entered Level 5 of the Dungeon
  2789 | D:5      | Reached XP level 8. HP: 70/70 MP: 7/7
  2821 | D:5      | Found a burning altar of Makhleb.
  3008 | D:5      | Reached skill level 9 in Axes
  3752 | D:6      | Reached skill level 10 in Axes
  3846 | D:6      | Found an ornate altar of the Wu Jian Council.
  3923 | D:6      | Found a glowing silver altar of Zin.
  3941 | D:6      | Found an opulent altar of Gozag.
  4069 | D:6      | Found a bloodstained altar of Trog.
  4073 | D:6      | Reached XP level 9. HP: 79/79 MP: 8/8
  4090 | D:6      | Reached skill level 11 in Axes
  4367 | D:6      | Reached **** piety under Trog
  4734 | D:2      | Bought a glowing cloak for 187 gold pieces
  4922 | D:7      | Noticed a kobold demonologist
  4947 | D:7      | Killed a kobold demonologist
  4948 | D:7      | Reached skill level 12 in Axes
  4972 | D:7      | Found a staircase to the Ecumenical Temple.
  5140 | D:7      | Found a basalt altar of Yredelemnul.
  5403 | D:8      | Noticed Maurice
  5410 | D:8      | Killed Maurice
  5449 | D:8      | Found a flagged portal.
  5465 | Bailey   | Entered a bailey
  5494 | Bailey   | Reached XP level 10. HP: 43/90 MP: 9/9
  5772 | Bailey   | Reached ***** piety under Trog
  5775 | Bailey   | Reached skill level 13 in Axes
  6468 | Bailey   | Identified the ring of Hela {rPois rF+ Dex+6 Slay-5 SInv}
  6654 | D:8      | Found a stormy altar of Qazlal.
  6974 | D:8      | Noticed Pikel
  6984 | D:8      | Killed Pikel
  7212 | D:8      | Noticed Gastronok
  7218 | D:8      | Reached skill level 14 in Axes
  7227 | D:8      | Killed Gastronok
  7228 | D:8      | Reached skill level 10 in Armour
  7228 | D:8      | Reached XP level 11. HP: 99/99 MP: 10/10
  7739 | D:9      | Reached skill level 10 in Fighting
  7950 | D:9      | Received a gift from Trog
  8348 | D:9      | Reached skill level 15 in Axes
  8641 | D:10     | Entered Level 10 of the Dungeon
  8665 | D:10     | Noticed Snorg
  8674 | D:10     | Noticed a soul eater
  8681 | D:10     | Killed Snorg
  9074 | D:10     | Found an iron altar of Okawaru.
  9320 | D:11     | Found a staircase to the Lair.
  9485 | D:11     | Noticed Sonja
  9489 | Abyss:2  | Cast into level 2 of the Abyss (Sonja)
  9527 | Abyss:2  | Found a corrupted altar of Lugonu.
  9539 | Abyss:2  | Reached skill level 16 in Axes
  9579 | Abyss:2  | Noticed a shadow demon
  9582 | Abyss:2  | Killed a shadow demon
  9592 | Abyss:2  | Found a shimmering blue altar of Sif Muna.
  9592 | Abyss:2  | Noticed a shadow demon
  9592 | Abyss:2  | Noticed a shadow demon
  9594 | Abyss:2  | Noticed a large abomination
  9595 | Abyss:2  | Noticed an orc high priest
  9596 | Abyss:2  | Noticed a wretched star
  9598 | Abyss:2  | Noticed a deep elf pyromancer
  9600 | Abyss:2  | Noticed an orc high priest
  9601 | Abyss:2  | Killed a shadow demon
  9610 | Abyss:2  | Killed a shadow demon
  9614 | Abyss:2  | Killed an orc high priest
  9616 | Abyss:2  | Noticed a sun demon
  9616 | Abyss:2  | Noticed a sun demon
  9616 | Abyss:2  | Killed an orc high priest
  9617 | Abyss:2  | Reached XP level 12. HP: 67/110 MP: 3/11
  9637 | Abyss:2  | Noticed a deep elf demonologist
  9637 | Abyss:2  | Noticed a deep elf demonologist
  9638 | Abyss:2  | Noticed a vampire mage
  9640 | Abyss:2  | Noticed a Tzitzimitl
  9640 | D:11     | Escaped the Abyss
  9921 | D:11     | Killed a vampire mage
  9922 | D:11     | Reached skill level 17 in Axes
  9935 | D:11     | Killed Sonja
  9935 | D:11     | Received a gift from Trog
 10194 | D:11     | Noticed a cacodemon
 10198 | D:11     | Killed a deep elf demonologist
 10237 | D:11     | Found Loum's Distillery.
 10253 | D:11     | Bought a potion of heal wounds for 90 gold pieces
 10513 | D:11     | Noticed a two-headed ogre
 10515 | D:11     | Killed a two-headed ogre
 10992 | D:12     | Reached skill level 18 in Axes
 11184 | D:12     | Found a staircase to the Orcish Mines.
 11251 | D:12     | Noticed a two-headed ogre
 11261 | D:12     | Killed a two-headed ogre
 11610 | Orc:1    | Entered Level 1 of the Orcish Mines
 11611 | Orc:1    | Paralysed by an orc sorcerer for 3 turns
 11627 | Orc:1    | Noticed Jorgrun
 11637 | Orc:1    | Killed Jorgrun
 11673 | Orc:1    | Found a frozen archway.
 11691 | Orc:1    | Reached XP level 13. HP: 41/119 MP: 4/12
 11703 | IceCv    | Entered an ice cave
 12088 | IceCv    | Reached skill level 19 in Axes
 13190 | Orc:2    | Entered Level 2 of the Orcish Mines
 13203 | Orc:2    | Found a dark tunnel.
 13223 | Volcano  | Entered a volcano
 13275 | Volcano  | Received a gift from Trog
 13351 | Volcano  | Reached skill level 20 in Axes
 13701 | Volcano  | Found a bloodstained altar of Trog.
 13846 | Volcano  | Noticed a red draconian
 13853 | Volcano  | Killed a red draconian
 13854 | Volcano  | Reached skill level 5 in Throwing
 14568 | Orc:2    | Noticed an orc warlord
 14583 | Orc:2    | Killed an orc warlord
 14605 | Orc:2    | Reached XP level 14. HP: 87/132 MP: 4/13
 14724 | Orc:2    | Noticed Urug
 14736 | Orc:2    | Killed Urug
 14867 | Orc:2    | Found Gusuasuqo's Antique Weapon Shoppe.
 14872 | Orc:2    | Found Qihoits's General Store.
 14971 | Orc:2    | Bought a potion of curing for 51 gold pieces
 15034 | Orc:2    | Found a runed translucent gate.
 15034 | Orc:2    | Found a runed translucent gate.
 15034 | Orc:2    | Found a runed translucent gate.
 15037 | Orc:2    | Noticed LeafLetters's ghost (journeyman FoVM)
 15081 | Orc:2    | Received a gift from Trog
 15116 | Orc:2    | Found a staircase to the Elven Halls.
 15171 | Orc:2    | Found Muimp's Antique Armour Shoppe.
 15186 | Orc:2    | Found Ygozxuk's Book Shoppe.
 15301 | Orc:2    | Noticed an orc warlord
 15303 | Orc:2    | Identified the ring of Muah Uto {+Blink rElec rCorr Str+6
                  | Dex-4}
 15326 | Orc:2    | Killed LeafLetters's ghost
 15327 | Orc:2    | Killed an orc warlord
 15885 | D:13     | Noticed Josephine
 15890 | D:13     | Killed Josephine
 15891 | D:13     | Reached skill level 15 in Fighting
 16035 | D:13     | Found a gate to the Vaults.
 16064 | D:13     | Reached skill level 21 in Axes
 16813 | Lair:1   | Entered Level 1 of the Lair of Beasts
 16972 | Lair:1   | Identified the +5 whip of Boly {heavy, rPois Str+3 Int+3}
 17111 | Lair:1   | Identified the +1 leather armour "Zagira" {Int+2}
 17214 | Lair:1   | You fall into a shaft and drop 1 floor!
 17223 | Lair:2   | Reached skill level 15 in Armour
 17626 | Lair:2   | Found a hole to the Spider Nest.
 17830 | Lair:2   | Found a staircase to the Shoals.
 17835 | Lair:2   | Received a gift from Trog
 18539 | Lair:1   | Reached XP level 15. HP: 140/145 MP: 4/14
 20029 | Lair:4   | Found a viscous altar of Jiyva.
 20030 | Lair:4   | Found a staircase to the Slime Pits.
 20568 | Lair:5   | Entered Level 5 of the Lair of Beasts
 20613 | Lair:5   | Reached skill level 22 in Axes
 20804 | Lair:5   | Received a gift from Trog
 21107 | Lair:5   | Found a runed translucent door.
 21153 | Lair:5   | Noticed Endbringerleviathan's ghost (journeyman NaFE)
 21301 | Lair:5   | Killed Endbringerleviathan's ghost
 21302 | Lair:5   | Identified a scroll of acquirement
 21324 | Lair:5   | Acquired a manual of Axes
 21965 | Lair:5   | Identified the ring "Xaonin" {Fly rElec rN+ rCorr Str-3}
 21984 | Lair:5   | Reached ****** piety under Trog
 22057 | Lair:5   | Received a gift from Trog
 22080 | Lair:5   | Reached skill level 23 in Axes
 22082 | Lair:5   | Found a corrupted altar of Lugonu.
 22082 | Lair:5   | Found a one-way gate to the infinite horrors of the Abyss.
 22574 | Spider:1 | Entered Level 1 of the Spider Nest
 22785 | Spider:1 | Found the ring of the Mage {Wiz Archmagi}
 23117 | Spider:1 | Noticed Nikola
 23123 | Spider:1 | Killed Nikola
 23124 | Spider:1 | Reached skill level 1 in Shields
 23124 | Spider:1 | Reached XP level 16. HP: 114/157 MP: 15/15
 24571 | Spider:3 | Noticed Arachne
 24606 | Spider:2 | HP: 6/159 [Arachne/staff of poison (9)]
 24614 | Spider:2 | Killed Arachne
 25595 | Spider:4 | Entered Level 4 of the Spider Nest
 25793 | Spider:4 | Paralysed by a jorogumo for 2 turns
 26660 | Spider:4 | Reached skill level 5 in Shields
 26682 | Spider:4 | Received a gift from Trog
 26688 | Spider:4 | Reached skill level 24 in Axes
 27025 | Spider:4 | Got a gossamer rune of Zot
 27032 | Spider:4 | Identified the +1 pair of boots "Zuodov" {rPois Dex+4}
 27142 | Spider:4 | Reached XP level 17. HP: 143/170 MP: 16/16
 27601 | Shoals:1 | Entered Level 1 of the Shoals
 27829 | Shoals:1 | Noticed a kraken
 27840 | Shoals:1 | Killed a kraken
 28028 | Shoals:1 | Noticed a kraken
 28037 | Shoals:1 | Killed a kraken
 28288 | Shoals:1 | Received a gift from Trog
 29075 | Shoals:2 | Noticed Polyphemus
 29358 | Shoals:2 | Killed Polyphemus
 29806 | Shoals:2 | Noticed Kirke
 29818 | Shoals:2 | Killed Kirke
 29880 | Shoals:2 | Noticed Ilsuiw
 30237 | Shoals:1 | Identified the +8 rapier "Minotaur's Peril" {pain, +Blink
                  | rN+ Str+7 Int-3}
 30728 | Shoals:2 | Noticed a Tzitzimitl
 31116 | Shoals:2 | Received a gift from Trog
 31617 | Shoals:3 | Reached skill level 10 in Shields
 32216 | Shoals:3 | Reached skill level 25 in Axes
 32266 | Shoals:3 | Reached XP level 18. HP: 182/182 MP: 17/17
 32839 | Shoals:4 | Entered Level 4 of the Shoals
 33026 | Shoals:4 | Received a gift from Trog
 34246 | Shoals:4 | Got a barnacled rune of Zot
 34282 | Shoals:4 | Identified the +6 rapier of the Everdark {venom, Str+3
                  | Dex+4}
 34327 | Shoals:4 | Identified the ring "Lasar" {rPois Str-5 Int+2 Dex+3
                  | Stlth+}
 35073 | Slime:1  | Entered Level 1 of the Pits of Slime
 35553 | Slime:1  | Received a gift from Trog
 36599 | Slime:2  | You are sucked into a shaft and drop 2 floors!
 36625 | Slime:4  | Gained mutation: You sometimes lose your temper in combat.
                  | [a shining eye]
 36626 | Slime:4  | Gained mutation: You are dopey. (Int -2) [a shining eye]
 36653 | Slime:5  | Entered Level 5 of the Pits of Slime
 37441 | Slime:5  | Reached XP level 19. HP: 190/191 MP: 18/18
 37835 | Slime:5  | Noticed the Royal Jelly
 37846 | Slime:5  | Killed the Royal Jelly
 37847 | Slime:5  | Reached skill level 15 in Shields
 38093 | Slime:5  | Found the +8 lance "Wyrmbane" {slay drac, rPois rF+ rC+
                  | AC+3}
 38173 | Slime:5  | Identified the +1 scale mail of the Present {rCorr Str+2
                  | Stlth+}
 38193 | Slime:5  | Identified the staff of cold "Qofan" {rPois rC+ rCorr Int-5
                  | Stlth+}
 38195 | Slime:5  | Got a slimy rune of Zot
 38228 | Slime:5  | Identified the +1 battleaxe of Immorality {elec, Int+4}
 38580 | Slime:5  | Got the Atlas of Rot and Moulding
 38666 | Slime:3  | Reached skill level 1 in Polearms
 38976 | Vaults:1 | Entered Level 1 of the Vaults
 39021 | Vaults:1 | HP: 8/191 [crystal guardian/crystal bolt[a peacekeeper]
                  | (21)]
 39639 | Vaults:1 | Reached skill level 26 in Axes
 40164 | Vaults:1 | Received a gift from Trog
 41352 | Vaults:2 | Reached XP level 20. HP: 202/202 MP: 19/19
 41479 | Vaults:2 | Received a gift from Trog
 41811 | Vaults:2 | Found a staircase to the Crypt.
 42062 | Vaults:2 | Reached skill level 5 in Polearms
 42128 | Vaults:2 | Found Qaaxkusm's Armour Shoppe.
 44233 | Vaults:4 | Identified the +3 war axe of Doubt {flame, *Noise +Blink
                  | rPois Str+3} (Trog gifted it to you on level 4 of the
                  | Vaults)
 44233 | Vaults:4 | Received a gift from Trog
 45125 | Vaults:4 | Reached XP level 21. HP: 171/212 MP: 15/20
 45634 | Vaults:5 | Entered Level 5 of the Vaults
 46047 | Vaults:5 | HP: 1/214 [sphinx/divine providence (13)]
 46047 | Vaults:5 | Killed from afar by a quicksilver dragon

Illustrated notes

Levels and vault maps discovered:
D:1:      lightli_arrival_isolated_outpost, layout_rooms, serial_shops, shop,
          shop, nicolae_shop_tiny_statue_garden, hangedman_decor_growths,
          minmay_unequal
D:2:      layout_loops_ring, serial_shops, shop, nicolae_shop_advertising_works
          [nicolae_subvault_shop_adworks], shop, nicolae_shop_overgrown_old_shop
D:3:      layout_basic, hellmonk_ecumenical_altar_run_dry,
          cheibrodos_sewer_entry_bend
D:4:      layout_basic, nicolae_sif_muna_condensation, uniq_eustachio,
          uniq_edmund, uniq_blork_the_orc
D:5:      layout_basic, lemuel_doored_altar, st_stairs_7, skrybe_limestone_x
D:6:      layout_basic, trog_butcher_becter, grunt_temple_overflow_open
D:7:      dreamdust_elfheim, layout_basic, yredelemnul_altar_generic,
          minmay_temple_entry_arrows
D:8:      minmay_flawed_box, layout_basic, nicolae_qazlal_beasts_of_the_sky,
          enter_bailey_3, uniq_pikel, uniq_maurice, uniq_gastronok
D:9:      layout_stronghold, hex_tiny
D:10:     layout_rooms, okawaru_ov_weapons_minmay, uniq_snorg
D:11:     layout_gridville, grunt_lair_entry_orc_guard_hut, serial_shops, shop,
          chequers_serial_rivers_micro_a, uniq_sonja
D:12:     layout_cave_pools, orc_0_dummy, st_stairs_7, grunt_ministairs_15,
          minmay_misc_feat_tiny
D:13:     layout_loops_ring, erik_vaults_2, uniq_josephine
Lair:1:   layout_roguey
Lair:2:   layout_cave_pods, shoals_dummy_entry,
          hellmonk_spider_entry_life_and_decay, beast_lair_carwin_2
Lair:3:   layout_misc_corridors, grunt_megastairs_1, lemuel_fruit_tree,
          serial_bayou_shore_b
Lair:4:   layout_concentric_octagons, slime_entry_1, disabler_island
Lair:5:   hellmonk_lair_end_abyssal_woods, layout_cellular_growth,
          ebering_ghost_inner_flame, pond
Shoals:1: layout_shoals, nicolae_shoals_hidden_pirate_stash
Shoals:2: nicolae_shoals_deep_elves_summer_vacation, layout_shoals, uniq_ilsuiw,
          uniq_polyphemus, uniq_kirke
Shoals:3: layout_shoals, overgrown_hall
Shoals:4: shoals_end_simple, layout_shoals, shoals_ilsuiw_alternative
Spider:1: layout_spider_delve, uniq_nikola
Spider:2: layout_spider_delve
Spider:3: layout_spider_delve, nicolae_spider_nook, uniq_arachne
Spider:4: grunt_spider_rune_parallel, nicolae_spider_claw_tunnel
Slime:1:  cheibrodos_slime_lost_civilization_2, layout_caves
Slime:2:  layout_caves
Slime:3:  layout_caves
Slime:4:  layout_caves, nicolae_slime_rock_hall_of_fame
Slime:5
Orc:1:    layout_caves, portal_ice_cave_entry_animals_and_master, uniq_jorgrun
Orc:2:    grunt_orc_cross, layout_caves, biasface_ghost_orc_armoury,
          lightli_volcano_entry_magma_tube
Vaults:1: nicolae_vaults_yaktaur_gun_rack, nicolae_vaults_quadrants,
          nicolae_vaults_what_the_h, dpeg_vaults_monster_box, v_misc_22,
          ontoclasm_vaults_misaligned, nicolae_vaults_two_Ls,
          nicolae_vaults_ninety_degrees, nicolae_vaults_mini_display_case,
          v_pattern_4, ontoclasm_vaults_decontamination, nicolae_vaults_house_3,
          vaults_dpeg_emergency_exit, nicolae_vaults_little_squares_4,
          layout_vaults_maze_snakey
Vaults:2: minmay_crypt_entry_simple_walls, vaults_room_boxed,
          hangedman_vaults_maws, vaults_mumra_minichess,
          nicolae_vaults_closet_pinwheel_6, ontoclasm_vaults_misaligned,
          nicolae_vaults_surprise_closet, nicolae_vaults_triangles,
          layout_vaults_ring, serial_shops, nicolae_shop_real_fake_doors
Vaults:3: nicolae_vaults_storage_room_doors, ontoclasm_vaults_claustrophobia,
          nicolae_vaults_closet_pinwheel_2, v_misc_10,
          nicolae_vaults_shelves_hall, layout_vaults_omnigrid
Vaults:4: nicolae_vaults_border_crossing, nicolae_vaults_door_testing_chamber,
          hangedman_vaults_unwind, grunt_vaults_swirl,
          nicolae_vaults_closet_pinwheel_4, nicolae_vaults_diamond_2,
          nicolae_vaults_more_shelving_1, vaults_room_stairs_pillars,
          nicolae_vaults_hexular_roomagon, nicolae_vaults_security_offices_1,
          nicolae_vaults_gold_heap, layout_vaults_omnicross
Vaults:5

Skill      XL: |  1  2  3  4  5  6  7  8  9 10 11 12 13 14 15 16 17 18 19 20 21 |
---------------+----------------------------------------------------------------+-----
Fighting       | 4 5 6 7 8 9 11 12 14 16 18 19 21 22 23 24 | 24.0
Axes           | 4 5 7 8 10 12 14 16 18 20 21 23 24 25 26 | 26.2
Armour         | 3 4 5 6 8 10 11 12 13 15 16 18 19 20 | 20.9
Throwing       | 1 4 5 6 7 |  7.3
Dodging        | 3 4 |  4.4
Shields        | 1 5 10 14 17 20 21 | 21.6
Polearms       | 4 7 8 |  8.3

Action                     |  1- 3 |  4- 6 |  7- 9 | 10-12 | 13-15 | 16-18 | 19-21 || total
---------------------------+-------+-------+-------+-------+-------+-------+-------++-------
  Melee: Hand axe          |    57 |    50 |       |       |       |       |       ||   107
         Punch             |     2 |       |     2 |     2 |       |       |       ||     6
         Headbutt          |     4 |     6 |    29 |    67 |   205 |   287 |   266 ||   864
         War axe           |       |    50 |   156 |   118 |       |       |       ||   324
         Battleaxe         |       |       |       |   208 |   913 |       |       ||  1121
         Broad axe         |       |       |       |       |    36 |  1091 |   838 ||  1965
         Lance             |       |       |       |       |       |       |    67 ||    67
  Throw: Dart              |       |    11 |     2 |       |       |       |       ||    13
         Boomerang         |       |       |    30 |    88 |    31 |   108 |    13 ||   270
 Invoke: Trog's Hand       |       |     1 |     1 |       |     3 |     5 |     4 ||    14
         Berserk           |       |     1 |     2 |     7 |     9 |     5 |     4 ||    28
         Brothers in Arms  |       |       |       |     3 |     4 |     5 |    11 ||    23
    Use: Scroll            |     1 |     1 |     6 |    13 |     6 |    14 |     9 ||    50
         Potion            |       |     3 |       |       |       |     3 |     1 ||     7
   Stab: Distracted        |       |       |       |     1 |     2 |       |       ||     3
 Armour: Animal skin       |     9 |       |       |       |       |       |       ||     9
         Scale mail        |    18 |    12 |       |       |       |       |       ||    30
         Chain mail        |       |    26 |    94 |   175 |    10 |       |       ||   305
         Crystal plate arm |       |       |       |       |   434 |   757 |   544 ||  1735
  Dodge: Dodged            |    43 |    57 |    95 |   258 |   549 |   530 |   265 ||  1797
  Block: Buckler           |       |       |       |       |     5 |   109 |       ||   114
         Tower shield      |       |       |       |       |       |   767 |  1011 ||  1778
